BSA
KANSAS CITY KINGS @ POCATELLO BOCCABELLAS
05/21/2026
 
TOP OF THE 1ST
Kansas City Kings batting - Pitching for Pocatello Boccabellas : RHP José Rojas
Pitching: RHP José Rojas
Batting: LHB Brian Boone 0-0: Ball
1-0: Swinging Strike
1-1: Ball
2-1: Fly out, F6 (Popup, 5L)
Batting: LHB Ray Spencer 0-0: Ball
1-0: Foul Ball, location: 2F
1-1: SINGLE (Line Drive, 4D)
Batting: RHB Toshimichi Kono 0-0: Called Strike
0-1: Ball
1-1: Fly out, F9 (Flyball, 89D)
Batting: LHB Pablo Reyes 0-0: SINGLE (Line Drive, 4D)
Ray Spencer to second
Batting: RHB Chris Chandler 0-0: Fielders Choice at 2nd, 6-4 (Groundball, 6)
Top of the 1st over - 0 run(s), 2 hit(s), 0 error(s), 1 left on base; Kansas City 0 - Pocatello 0
BOTTOM OF THE 1ST
Pocatello Boccabellas batting - Pitching for Kansas City Kings : RHP Cristóbal Gómez
Pitching: RHP Cristóbal Gómez
Batting: RHB José García 0-0: Called Strike
0-1: Called Strike
0-2: SINGLE (Groundball, 4MD)
Batting: LHB Norberto Muńóz 0-0: Ball
1-0: SINGLE (Groundball, 23) (infield hit)
José García to second
Batting: RHB Marlon Phipps 0-0: Ball
1-0: SINGLE (Line Drive, 89M)
José García to third
Norberto Muńóz to second
Batting: SHB Glenn Vadnais 0-0: Ball
1-0: Ball
2-0: Ground out 4-3 (Groundball, 13)
José García scores
Norberto Muńóz to third
Marlon Phipps to second
Batting: RHB Francisco Sandoval 0-0: Called Strike
0-1: Ball
1-1: Foul Ball, location: 2F
1-2: Foul Ball, location: 2F
1-2: Foul Ball, location: 2F
1-2: Fly out, F8 (Flyball, 8RD)
Runner from 3rd tags up, SCORES, no throw
Marlon Phipps to third
Batting: RHB Pedro Guzmán 0-0: Called Strike
0-1: Ball
1-1: Ball
2-1: Foul Ball, location: 2F
2-2: SINGLE (Line Drive, 4MD)
Marlon Phipps scores
Batting: RHB José Delgado 0-0: Called Strike
0-1: Ball
1-1: Ball
2-1: Swinging Strike
2-2: SINGLE (Line Drive, 56)
Pedro Guzmán to second
Batting: LHB Jim Jensen 0-0: Ball
1-0: Foul Ball, location: 2F
1-1: Foul Ball, location: 2F
1-2: Foul Ball, location: 2F
1-2: Ball
2-2: 3-RUN HOME RUN (Flyball, 9LD), Distance : 372 ft
Batting: SHB Guillermo Ortíz 0-0: SINGLE (Groundball, 4MD)
Batting: RHB José García 0-0: Called Strike
0-1: Ball
1-1: Ball
2-1: Foul Ball, location: 2F
2-2: Fly out, F5 (Popup, 5SF)
Bottom of the 1st over - 6 run(s), 7 hit(s), 0 error(s), 1 left on base; Kansas City 0 - Pocatello 6
TOP OF THE 2ND
Kansas City Kings batting - Pitching for Pocatello Boccabellas : RHP José Rojas
Batting: LHB Ethan Marshall 0-0: Foul Ball, location: 2F
0-1: Called Strike
0-2: Ground out 4-3 (Groundball, 4)
Batting: RHB Ron James 0-0: Called Strike
0-1: Ball
1-1: SINGLE (Line Drive, 4D)
Batting: RHB Dave Parker 0-0: Called Strike
0-1: Foul Ball, location: 2F
0-2: Ground out 4-3 (Groundball, 13)
Ron James to second
Batting: RHB Matt Richards 0-0: Ground out 4-3 (Groundball, 34)
Top of the 2nd over - 0 run(s), 1 hit(s), 0 error(s), 1 left on base; Kansas City 0 - Pocatello 6
BOTTOM OF THE 2ND
Pocatello Boccabellas batting - Pitching for Kansas City Kings : RHP Cristóbal Gómez
Batting: LHB Norberto Muńóz 0-0: Called Strike
0-1: Foul Ball, location: 2F
0-2: Fly out, F5 (Popup, 5SF)
Batting: RHB Marlon Phipps 0-0: Ball
1-0: DOUBLE (Line Drive, 5L)
Batting: SHB Glenn Vadnais 0-0: Ground out 4-3 (Groundball, 4)
Marlon Phipps to third
Batting: RHB Francisco Sandoval 0-0: Ground out 4-3 (Groundball, 4)
Bottom of the 2nd over - 0 run(s), 1 hit(s), 0 error(s), 1 left on base; Kansas City 0 - Pocatello 6
TOP OF THE 3RD
Kansas City Kings batting - Pitching for Pocatello Boccabellas : RHP José Rojas
Batting: LHB Brian Boone 0-0: Swinging Strike
0-1: Ground out 4-3 (Groundball, 4)
Batting: LHB Ray Spencer 0-0: Called Strike
0-1: Ball
1-1: Foul Ball, location: 2F
1-2: Strikes out swinging
Batting: RHB Toshimichi Kono 0-0: Ball
1-0: Called Strike
1-1: Swinging Strike
1-2: Reached on error, E6 (Groundball, 6)
Batting: LHB Pablo Reyes 0-0: Ball
1-0: Swinging Strike
1-1: Swinging Strike
1-2: Strikes out looking
Top of the 3rd over - 0 run(s), 0 hit(s), 1 error(s), 1 left on base; Kansas City 0 - Pocatello 6
BOTTOM OF THE 3RD
Pocatello Boccabellas batting - Pitching for Kansas City Kings : RHP Cristóbal Gómez
Batting: RHB Pedro Guzmán 0-0: Fly out, F4 (Popup, 34D)
Batting: RHB José Delgado 0-0: Ball
1-0: Ball
2-0: Fly out, F8 (Flyball, 8LS)
Batting: LHB Jim Jensen 0-0: Ball
1-0: Foul Ball, location: 2F
1-1: Foul Ball, location: 2F
1-2: Foul Ball, location: 2F
1-2: Fly out, F9 (Flyball, 9D)
Bottom of the 3rd over - 0 run(s), 0 hit(s), 0 error(s), 0 left on base; Kansas City 0 - Pocatello 6
TOP OF THE 4TH
Kansas City Kings batting - Pitching for Pocatello Boccabellas : RHP José Rojas
Batting: RHB Chris Chandler 0-0: Ball
1-0: Ball
2-0: Called Strike
2-1: Fly out, F5 (Popup, 25F)
Batting: LHB Ethan Marshall 0-0: Called Strike
0-1: Ball
1-1: Called Strike
1-2: Strikes out looking
Batting: RHB Ron James 0-0: Foul Ball, location: 2F
0-1: Swinging Strike
0-2: Strikes out swinging
Top of the 4th over - 0 run(s), 0 hit(s), 0 error(s), 0 left on base; Kansas City 0 - Pocatello 6
BOTTOM OF THE 4TH
Pocatello Boccabellas batting - Pitching for Kansas City Kings : RHP Cristóbal Gómez
Batting: SHB Guillermo Ortíz 0-0: Ball
1-0: Called Strike
1-1: Fly out, F7 (Flyball, 7S)
Batting: RHB José García 0-0: Ball
1-0: Called Strike
1-1: Ball
2-1: Ball
3-1: Foul Ball, location: 2F
3-2: Fly out, F8 (Line Drive, 8RM)
Batting: LHB Norberto Muńóz 0-0: Called Strike
0-1: Foul Ball, location: 2F
0-2: Strikes out looking
Bottom of the 4th over - 0 run(s), 0 hit(s), 0 error(s), 0 left on base; Kansas City 0 - Pocatello 6
TOP OF THE 5TH
Kansas City Kings batting - Pitching for Pocatello Boccabellas : RHP José Rojas
Batting: RHB Dave Parker 0-0: Called Strike
0-1: Foul Ball, location: 2F
0-2: Foul Ball, location: 2F
0-2: Strikes out swinging
Batting: RHB Matt Richards 0-0: SINGLE (Line Drive, 56D)
Batting: LHB Brian Boone 0-0: Foul Ball, location: 2F
0-1: Called Strike
0-2: Ball
1-2: Fly out, F2 (Popup, 2RF)
Batting: LHB Ray Spencer 0-0: Ball
1-0: Fly out, F3 (Popup, 3SF)
Top of the 5th over - 0 run(s), 1 hit(s), 0 error(s), 1 left on base; Kansas City 0 - Pocatello 6
BOTTOM OF THE 5TH
Pocatello Boccabellas batting - Pitching for Kansas City Kings : RHP Cristóbal Gómez
Batting: RHB Marlon Phipps 0-0: Ground out 1-3 (Groundball, 15)
Batting: SHB Glenn Vadnais 0-0: Ball
1-0: Ground out 5-3 (Groundball, 56)
Batting: RHB Francisco Sandoval 0-0: Called Strike
0-1: Called Strike
0-2: Foul Ball, location: 2F
0-2: Fly out, F3 (Popup, 3DF)
Bottom of the 5th over - 0 run(s), 0 hit(s), 0 error(s), 0 left on base; Kansas City 0 - Pocatello 6
TOP OF THE 6TH
Kansas City Kings batting - Pitching for Pocatello Boccabellas : RHP José Rojas
Batting: RHB Toshimichi Kono 0-0: Swinging Strike
0-1: Ball
1-1: DOUBLE (Flyball, 89D)
Batting: LHB Pablo Reyes 0-0: Ball
Passed Ball!
Toshimichi Kono to third
1-0: Foul Ball, location: 2F
1-1: Ball
2-1: Called Strike
2-2: Fly out, F8 (Popup, 6MD)
Batting: RHB Chris Chandler 0-0: Foul Ball, location: 2F
0-1: Ball
1-1: Ball
2-1: Ball
3-1: Base on Balls
Batting: LHB Ethan Marshall 0-0: Fly out, F6 (Popup, 6MS)
Batting: RHB Ron James 0-0: Called Strike
Chris Chandler is caught stealing 2nd base
Top of the 6th over - 0 run(s), 1 hit(s), 0 error(s), 0 left on base; Kansas City 0 - Pocatello 6
BOTTOM OF THE 6TH
Pocatello Boccabellas batting - Pitching for Kansas City Kings : RHP Ray Watkins
Pitching: RHP Ray Watkins
Batting: RHB Pedro Guzmán 0-0: Ball
1-0: Foul Ball, location: 2F
1-1: Swinging Strike
1-2: Ground out 5-3 (Groundball, 56)
Batting: RHB José Delgado 0-0: Called Strike
0-1: Called Strike
0-2: Foul Ball, location: 2F
0-2: Foul Ball, location: 2F
0-2: Ground out 1-3 (Groundball, 13S)
Batting: LHB Jim Jensen 0-0: Ball
1-0: DOUBLE (Line Drive, 9LS)
Batting: SHB Guillermo Ortíz 0-0: Ball
1-0: Ball
2-0: Called Strike
2-1: Ball
3-1: Foul Ball, location: 2F
3-2: Base on Balls
Batting: RHB José García 0-0: Ball
1-0: Ball
2-0: Foul Ball, location: 2F
2-1: Ground out 4-3 (Groundball, 4)
Bottom of the 6th over - 0 run(s), 1 hit(s), 0 error(s), 2 left on base; Kansas City 0 - Pocatello 6
TOP OF THE 7TH
Kansas City Kings batting - Pitching for Pocatello Boccabellas : RHP José Rojas
Batting: RHB Ron James 0-0: Ball
1-0: Called Strike
1-1: Ground out 6-3 (Groundball, 6M)
Batting: RHB Dave Parker 0-0: Called Strike
0-1: Fly out, F8 (Flyball, 89D)
Batting: RHB Matt Richards 0-0: Foul Ball, location: 2F
0-1: Ball
1-1: Foul Ball, location: 2F
1-2: Foul Ball, location: 2F
1-2: Ball
2-2: Foul Ball, location: 2F
2-2: Strikes out swinging
Top of the 7th over - 0 run(s), 0 hit(s), 0 error(s), 0 left on base; Kansas City 0 - Pocatello 6
BOTTOM OF THE 7TH
Pocatello Boccabellas batting - Pitching for Kansas City Kings : RHP Ray Watkins
Batting: LHB Norberto Muńóz 0-0: Ground out 3-1 (Groundball, 34)
Batting: RHB Marlon Phipps 0-0: Ball
1-0: Ground out 5-3 (Groundball, 56)
Batting: SHB Glenn Vadnais 0-0: Called Strike
0-1: Ball
1-1: Ball
2-1: Ground out 4-3 (Groundball, 4)
Bottom of the 7th over - 0 run(s), 0 hit(s), 0 error(s), 0 left on base; Kansas City 0 - Pocatello 6
TOP OF THE 8TH
Kansas City Kings batting - Pitching for Pocatello Boccabellas : RHP José Rojas
Batting: LHB Brian Boone 0-0: Called Strike
0-1: Ball
1-1: Fly out, F9 (Line Drive, 89D)
Batting: LHB Ray Spencer 0-0: Ball
1-0: Called Strike
1-1: Called Strike
1-2: Ball
2-2: Ground out 4-3 (Groundball, 4M)
Batting: RHB Toshimichi Kono 0-0: Called Strike
0-1: Ball
1-1: Ball
2-1: Ball
3-1: Base on Balls
Pitching: RHP Jesse Moser
Batting: LHB Pablo Reyes 0-0: Called Strike
0-1: Foul Ball, location: 2F
0-2: Ball
1-2: Ball
2-2: Strikes out swinging
Top of the 8th over - 0 run(s), 0 hit(s), 0 error(s), 1 left on base; Kansas City 0 - Pocatello 6
BOTTOM OF THE 8TH
Pocatello Boccabellas batting - Pitching for Kansas City Kings : RHP Ray Watkins
Pitching: RHP Norman White
Batting: RHB Francisco Sandoval 0-0: SOLO HOME RUN (Flyball, 8RXD), Distance : 454 ft
Batting: RHB Pedro Guzmán 0-0: Ground out 5-3 (Groundball, 5S)
Batting: RHB José Delgado 0-0: Foul Ball, location: 2F
0-1: Ball
1-1: Ball
2-1: SOLO HOME RUN (Flyball, 7LD), Distance : 352 ft
Batting: LHB Jim Jensen 0-0: Ball
1-0: Ball
2-0: Called Strike
2-1: Swinging Strike
2-2: Foul Ball, location: 2F
2-2: Foul Ball, location: 2F
2-2: Ball
3-2: Ground out 4-3 (Groundball, 34)
Batting: SHB Guillermo Ortíz 0-0: Called Strike
0-1: Swinging Strike
0-2: Strikes out looking
Bottom of the 8th over - 2 run(s), 2 hit(s), 0 error(s), 0 left on base; Kansas City 0 - Pocatello 8
TOP OF THE 9TH
Kansas City Kings batting - Pitching for Pocatello Boccabellas : RHP Jesse Moser
Batting: RHB Chris Chandler 0-0: Called Strike
0-1: Foul Ball, location: 2F
0-2: Ball
1-2: Ball
2-2: Ball
3-2: Base on Balls
Batting: LHB Ethan Marshall 0-0: Called Strike
0-1: Ball
1-1: Fielders Choice at 2nd, U4 (Groundball, 4M)
Batting: RHB Ron James 0-0: Called Strike
0-1: 2-RUN HOME RUN (Flyball, 7D), Distance : 371 ft
Batting: RHB Dave Parker 0-0: Ball
1-0: Foul Ball, location: 2F
1-1: Foul Ball, location: 2F
1-2: Ball
2-2: Foul Ball, location: 2F
2-2: Ground out 6-3 (Groundball, 6)
Batting: RHB Matt Richards 0-0: Called Strike
0-1: Ball
1-1: Swinging Strike
1-2: Ball
2-2: Strikes out swinging
Top of the 9th over - 2 run(s), 1 hit(s), 0 error(s), 0 left on base; Kansas City 2 - Pocatello 8
Monday, December 5th, 2016 - OOTP Baseball 17.12 Build 75